 Dungeon Crawl Stone Soup version 0.26.1-2-gb8aa6d0cf2 (webtiles) character file.

Game seed: 2849733391734012518

861 TBExtent the Jinx (level 8, 0/41 HPs)
             Began as a Kobold Enchanter on Feb 22, 2021.
             Slain by a sky beast (6 damage)
             ... on level 5 of the Dungeon.
             The game lasted 00:40:26 (6567 turns).

TBExtent the Jinx (Kobold Enchanter)                Turns: 6567, Time: 00:40:28

Health: 0/41       AC:  4    Str:  6    XL:     8   Next: 22%
Magic:  0/12       EV: 16    Int: 18    God:
Gold:   182        SH:  0    Dex: 15    Spells: 7/13 levels left

rFire    . . .     SeeInvis .   a - +1 dagger
rCold    . . .     Faith    .   (shield restricted)
rNeg     . . .     Spirit   .   m - +0 robe
rPois    .         Reflect  .   (no helmet)
rElec    .         Harm     .   h - +0 cloak
rCorr    .         Rampage  .   (no gloves)
Will     .....                  p - +0 pair of boots
Stlth    +++++.....             (no amulet)
HPRegen  0.13/turn              (no ring)
MPRegen  0.13/turn              (no ring)

@: mighty
A: small, nightstalker 3
a: no special abilities


You were on level 5 of the Dungeon.
You visited 1 branch of the dungeon, and saw 5 of its levels.

You collected 182 gold pieces.

Inventory:

Hand Weapons
 a - a +1 dagger (weapon)
 f - a +0 hunting sling
 s - a +3 dagger
Missiles
 k - 11 poisoned darts
 r - 5 boomerangs
Armour
 b - a +0 robe
 d - a +0 pair of boots
 h - a +0 cloak (worn)
 m - a +0 robe (worn)
 p - a +0 pair of boots (worn)
Jewellery
 n - an uncursed amulet of faith
Scrolls
 c - 2 scrolls of magic mapping
 e - 2 scrolls of teleportation
 i - 2 scrolls of remove curse {unknown}
 j - 2 scrolls of enchant weapon {unknown}
 l - 6 scrolls of identify {unknown}
Potions
 o - 3 potions of curing


   Skills:
 + Level 8.8 Short Blades
 + Level 3.6 Dodging
 * Level 7.3 Stealth
 + Level 3.0 Spellcasting
 + Level 9.5 Hexes


You had 7 spell levels left.
You knew the following spells:

 Your Spells              Type           Power        Failure   Level
a - Corona                Hex            41%          1%          1
b - Ensorcelled Hibernat  Hex/Ice        38%          3%          2
c - Confusing Touch       Hex            37%          1%          3

Your spell library contained the following spells:

 Spells                   Type           Power        Failure   Level
 Tukima's Dance           Hex            37%          1%          3
 Dazzling Flash           Conj/Hex       38%          7%          3


Dungeon Overview and Level Annotations

Branches:
Dungeon (5/15)
 Temple: D:4-7

Altars:
Kikubaaqudgha
Xom

Annotations:
D:4 Grinder


Innate Abilities, Weirdness & Mutations

You are small and have problems with some larger weapons.
You are completely attuned to the shadows.


Message History

Something shocks you.
* * * LOW HITPOINT WARNING * * *
You see here a dagger.
A sky beast appears from thin air!
Reactivating autopickup.
Casting: Ensorcelled Hibernation (safe; 3% risk of failure)
Confirm with . or Enter, or press ? or * to list all spells.
Aiming: Ensorcelled Hibernation (safe; 3% risk of failure)
Press: ? - help, Shift-Dir - straight line, f - you, p - sky beast That would be overly suicidal.
Okay, then.
Casting: Ensorcelled Hibernation (safe; 3% risk of failure)
Confirm with . or Enter, or press ? or * to list all spells.
Aiming: Ensorcelled Hibernation (safe; 3% risk of failure)
Press: ? - help, Shift-Dir - straight line, f - sky beast
Aim: a sky beast (lightly wounded, not susceptible)
The sky beast is unaffected.
The sky beast hits you.
* * * LOW HITPOINT WARNING * * *
The sky beast shocks you.
You die...

#....)###....
#.....))>..).
#.....#####..
#.....#
#.....# ..#
#.....##
####..#
#####..#
#.....
##.#####...#
#@.#.....##
##Y..###.#
##..##..#
#..)##.##
...#....#
.######.####
.l...5....
####.≈#...
#..#.##


You could see a sky beast.

Vanquished Creatures
  An orc warrior (D:3)
  A phantom (D:5)
  A jelly (D:3)
  6 orc priests
  4 orc wizards
  A bullfrog skeleton (D:4)
  A centaur skeleton (D:5)
  2 worker ants
  9 adders
  A white imp (D:3)
  An ufetubus (D:4)
  2 oozes
  3 worms (D:3)
  A dart slug (D:1)
  3 leopard geckos
  27 orcs
  2 giant cockroaches
  8 goblins
  3 hobgoblins
  6 jackals (D:2)
  A quokka (D:2)
  A ball python (D:2)
  4 bats
  4 frilled lizards
  7 kobolds
  6 rats
  A bush (D:2)
107 creatures vanquished.

Vanquished Creatures (others)
  19 plants (D:2)
19 creatures vanquished.

Grand Total: 126 creatures vanquished

Notes
Turn   | Place    | Note
-------+----------+-------------------------------------------
     0 | D:1      | TBExtent the Kobold Enchanter began the quest for the Orb.
     0 | D:1      | Reached XP level 1. HP: 10/10 MP: 3/3
     4 | D:1      | Noticed an electric eel
     7 | D:1      | Noticed an electric eel
   306 | D:1      | Reached XP level 2. HP: 15/15 MP: 5/5
   483 | D:1      | Found a shimmering altar of Xom.
   613 | D:1      | Reached skill level 5 in Stealth
  1119 | D:1      | Reached XP level 3. HP: 16/19 MP: 4/6
  1123 | D:1      | Learned a level 2 spell: Ensorcelled Hibernation
  1625 | D:2      | Reached skill level 9 in Hexes
  1625 | D:2      | Reached XP level 4. HP: 7/24 MP: 1/7
  2220 | D:2      | Reached XP level 5. HP: 27/28 MP: 8/8
  3512 | D:3      | Noticed an orc warrior
  3595 | D:3      | Reached XP level 6. HP: 32/32 MP: 9/9
  4474 | D:3      | Found an ancient bone altar of Kikubaaqudgha.
  4481 | D:3      | Found a shimmering altar of Xom.
  4578 | D:3      | Killed an orc warrior
  4579 | D:3      | Reached XP level 7. HP: 25/36 MP: 0/10
  5390 | D:4      | Noticed Grinder
  5773 | D:5      | Entered Level 5 of the Dungeon
  6031 | D:4      | Learned a level 3 spell: Confusing Touch
  6101 | D:5      | Reached XP level 8. HP: 30/41 MP: 9/12
  6567 | D:5      | Slain by a sky beast

Illustrated notes

Levels and vault maps discovered:
D:1:      arrival_aquarium_b, layout_loops_corners, xom_teletrap_fun
D:2:      layout_rooms, serial_forest, infiniplex_forest_lined_room_2,
          infiniplex_forest_lined_4_way, infiniplex_forest_zigzag_1,
          infiniplex_forest_straight_3, infiniplex_forest_clump_diagonal,
          infiniplex_forest_clump_double, infiniplex_forest_clump_curved,
          infiniplex_forest_diagonal, infiniplex_forest_clump_tiny,
          infiniplex_forest_3_way
D:3:      layout_loops_ring, amethyst_overflow_temple_binary
D:4:      layout_basic, kennysheep_generic_room_16, uniq_grinder
D:5:      layout_rooms, minmay_temple_entry_statues_fountains

Skill      XL: |  1  2  3  4  5  6  7  8 |
---------------+-------------------------+-----
Short Blades   | 2 8 |  8.8
Stealth        | 5 6 7 |  7.3
Hexes          | 9 |  9.5
Dodging        | 3 |  3.6
Spellcasting   | 3 |  3.0

Action                   |  1- 3 |  4- 6 |  7- 9 || total
-------------------------+-------+-------+-------++-------
Melee: Dagger            |    77 |   592 |   145 ||   814
 Cast: Corona            |     1 |     3 |     4 ||     8
       Ensorcelled Hiber |     3 |    27 |    37 ||    67
       Confusing Touch   |       |       |     2 ||     2
  Use: Potion            |     3 |     1 |     3 ||     7
       Scroll            |       |     2 |       ||     2
 Stab: Sleeping          |    16 |    33 |    26 ||    75
       Distracted        |       |     2 |     1 ||     3
       Confused          |       |       |     2 ||     2
Armor: Robe              |     6 |    18 |    24 ||    48
Dodge: Dodged            |    45 |    67 |   143 ||   255
